[Event "Friday 13 April Rapid ET, 12+2, 7 rds, 16.00 ST"]
[Site "Infinity Chess"]
[Date "2018.4.13"]
[Round "1"]
[White "RonWeasley"]
[Black "TasicV"]
[Result "1/2-1/2"]
[ECO "D30"]
[WhiteElo "2479"]
[BlackElo "2416"]
[WhiteEngine "BrainFish 090218_CTG"]
[BlackEngine "S_XPrO.020418.64.BMI2_CTG"]
[EventType "Swiss"]
[WhiteTeam ""]
[BlackTeam ""]
[PlyCount "82"]
[TimeControl "720+2"]

1. d4 d5 2. c4 e6 3. Nf3 Nf6 4. Nc3 c6 5. Bg5 h6 6. Bxf6 Qxf6 7. e3 Nd7 
8. Be2 g6 9. O-O Bg7 10. e4 dxe4 11. Nxe4 Qf4 12. Qc2 f5 13. Ned2 c5 14. g3 Qd6 
15. Nh4 Kf7 16. d5 e5 17. Rae1 h5 18. Kg2 Nf6 19. b4 b6 20. bxc5 bxc5 
21. Ndf3 Nh7 22. Bd3 Rf8 23. Nxf5 gxf5 24. Bxf5 Bxf5 25. Qxf5+ Kg8 26. Qxh5 Rae8 
27. Qh4 Qg6 28. Qe4 Qxe4 29. Rxe4 Rxf3 30. Kxf3 Ng5+ 31. Ke3 Nxe4 32. Kxe4 Rb8 
33. Rd1 Kf7 34. d6 Ke6 35. h4 Bf6 36. d7 Bd8 37. h5 Rb4 38. Kd3 Rb7 39. Ke4 Rb4 
40. Kd3 Rb7 41. Ke4 Rb4 1/2-1/2

[Event "Friday 13 April Rapid ET, 12+2, 7 rds, 16.00 ST"]
[Site "Infinity Chess"]
[Date "2018.4.13"]
[Round "1"]
[White "ocirema"]
[Black "CrapCleaner"]
[Result "1/2-1/2 "]
[ECO "C77"]
[WhiteElo "2437"]
[BlackElo "2481"]
[WhiteEngine "asmFishW_2018-04-08_popcnt_CTG"]
[BlackEngine "Raubfisch X38b_CTG"]
[EventType "Swiss"]
[WhiteTeam ""]
[BlackTeam ""]
[PlyCount "164"]
[TimeControl "720+2"]

1. e4 e5 2. Nf3 Nc6 3. Bb5 a6 4. Ba4 Nf6 5. O-O Be7 6. Re1 b5 7. Bb3 O-O 
8. c3 d5 9. exd5 Nxd5 10. Nxe5 Nxe5 11. Rxe5 c6 12. Re1 Bd6 13. d4 Qh4 
14. g3 Qh3 15. Qd3 Bf5 16. Qf1 Qxf1+ 17. Rxf1 Rfe8 18. Nd2 a5 19. a4 Nb6 
20. f3 Bd3 21. Ne4 Bc7 22. Ng5 Re7 23. Rd1 Bc4 24. Bxc4 bxc4 25. f4 f6 
26. Nf3 Rb8 27. Kf2 Kf7 28. Re1 Rxe1 29. Kxe1 g6 30. Nd2 h6 31. Kd1 g5 
32. fxg5 hxg5 33. Kc2 Rh8 34. Nf1 Kg6 35. Rb1 f5 36. b3 cxb3+ 37. Rxb3 Re8 
38. Be3 Bd8 39. Kd3 f4 40. Bd2 c5 41. Kc2 Nxa4 42. Rb8 f3 43. g4 Kf7 
44. Rb7+ Kg6 45. Rb8 Kf7 46. Rb7+ Kg6 47. Rb5 cxd4 48. cxd4 Re2 49. h3 Rf2 
50. Ng3 Nb6 51. Kd3 Nc4 52. Be1 Nb2+ 53. Ke4 Rh2 54. Kxf3 a4 55. Rd5 Nd3 
56. Rxd8 Nxe1+ 57. Ke4 Rxh3 58. Nh5 Nc2 59. Rg8+ Kf7 60. Rxg5 Re3+ 61. Kf4 Rd3 
62. Rg7+ Ke6 63. Ra7 a3 64. g5 Rxd4+ 65. Kg3 Rd8 66. g6 Kd5 67. g7 Kc4 
68. Nf6 Kb5 69. Nd7 Rg8 70. Nf6 Rd8 71. g8=Q Rxg8+ 72. Nxg8 Kc4 73. Nf6 Kb3 
74. Ne4 a2 75. Nd2+ Kb2 76. Nb1 Kxb1 77. Rb7+ Kc1 78. Rh7 Na3 79. Rh1+ Kb2 
80. Rh2+ Nc2 81. Rh1 Na3 82. Re1 Nc4 1/2-1/2

[Event "Friday 13 April Rapid ET, 12+2, 7 rds, 16.00 ST"]
[Site "Infinity Chess"]
[Date "2018.4.13"]
[Round "1"]
[White "MCDermont"]
[Black "KhalidOmar"]
[Result "1/2-1/2"]
[ECO "B90"]
[WhiteElo "2488"]
[BlackElo "2444"]
[WhiteEngine "BrainFish 090218"]
[BlackEngine "Eman 1.70-beta20 64-bit BMI2"]
[EventType "Swiss"]
[WhiteTeam ""]
[BlackTeam ""]
[PlyCount "99"]
[TimeControl "720+2"]

1. e4 c5 2. Nf3 d6 3. d4 cxd4 4. Nxd4 Nf6 5. Nc3 a6 6. Be3 e5 7. Nb3 Be6 
8. Be2 Be7 9. Qd3 O-O 10. O-O Nc6 11. a3 Rc8 12. Nd5 Nd7 13. h3 Bg5 14. Bg4 Bxg4 
15. hxg4 Bxe3 16. Nxe3 Qg5 17. Qd2 Nf6 18. f3 h5 19. Nd5 Qxd2 20. Nxf6+ gxf6 
21. Nxd2 hxg4 22. fxg4 Na5 23. c3 Nc4 24. Nxc4 Rxc4 25. Rxf6 Rxe4 26. Rxd6 Rxg4 
27. Re1 e4 28. Kf2 f5 29. g3 Kg7 30. Rh1 Rg6 31. Rd7+ Kf6 32. Rxb7 Kg5 
33. c4 Rd8 34. Rf1 Rd2+ 35. Ke1 Rc2 36. Rf7 Rf6 37. Rg7+ Kh6 38. Rg8 Rg6 
39. Rf8 Rxg3 40. Rf6+ Kh7 41. R1xf5 Rxb2 42. Rh5+ Kg8 43. Rhf5 Kh7 44. a4 Kg8 
45. c5 Rc2 46. Kd1 Rgc3 47. a5 Rxc5 48. Rxc5 Rxc5 49. Rxa6 Rc3 50. Re6 1/2-1/2

[Event "Friday 20 April Rapid Engine Tour 12+1 Rounds 9 Starts 1600ST"]
[Site "Infinity Chess"]
[Date "2018.4.20"]
[Round "9"]
[White "Deep_Impact"]
[Black "CrapCleaner"]
[Result "1-0"]
[ECO "C55"]
[WhiteElo "2417"]
[BlackElo "2464"]
[WhiteEngine "BrainFish_180411_x64_bmi2"]
[BlackEngine "komodo-11.3.1-64bit-BMI2_CTG"]
[EventType "Swiss"]
[WhiteTeam ""]
[BlackTeam ""]
[PlyCount "63"]
[TimeControl "720+1"]

1. e4 e5 2. Nf3 Nc6 3. Bc4 Nf6 4. d3 Bc5 5. c3 O-O 6. O-O d6 7. Re1 a5 
8. Nbd2 h6 9. Nf1 a4 10. Ng3 Ra5 11. h3 b5 12. b4 axb3 13. Bxb3 Be6 14. Rb1 Bb6 
15. d4 exd4 16. cxd4 d5 17. e5 Ne4 18. Rb2 b4 19. Rc2 Nxg3 20. fxg3 Ne7 
21. Be3 Bf5 22. Rc1 Be4 23. Kh2 Qd7 24. Nh4 Rd8 25. Qd2 Qe6 26. Re2 Raa8 
27. Rf1 Qc6 28. Ree1 Rf8 29. Rf4 Kh7 30. Ref1 Qc3 31. Qf2 Qc6 32. Qe2 1-0

[Event "Friday 20 April Rapid Engine Tour 12+1 Rounds 9 Starts 1600ST"]
[Site "Infinity Chess"]
[Date "2018.4.20"]
[Round "9"]
[White "OlivierEvan"]
[Black "Seliga"]
[Result "1/2-1/2"]
[ECO "C77"]
[WhiteElo "2376"]
[BlackElo "2472"]
[WhiteEngine "Houdini 6"]
[BlackEngine "AsmFish A13_CTG"]
[EventType "Swiss"]
[WhiteTeam ""]
[BlackTeam ""]
[PlyCount "170"]
[TimeControl "720+1"]

1. e4 e5 2. Nf3 Nc6 3. Bb5 a6 4. Ba4 Nf6 5. O-O Be7 6. Bxc6 dxc6 7. Re1 Bg4 
8. h3 Bh5 9. d3 Nd7 10. Nbd2 Bd6 11. Nc4 O-O 12. Ne3 Re8 13. Nf5 f6 14. c3 Nc5 
15. g4 Bf7 16. Qc2 a5 17. d4 exd4 18. cxd4 Ne6 19. Be3 a4 20. Bd2 Ng5 
21. Bxg5 fxg5 22. Qc3 Bf8 23. a3 g6 24. Ng3 Bg7 25. e5 Bd5 26. Ne4 Rf8 
27. Nfxg5 Ra6 28. e6 Rb6 29. Qd2 Qe7 30. Nc3 Bf6 31. Nge4 Bh4 32. Re2 Qxe6 
33. Qh6 Bf6 34. Rae1 Bxe4 35. Nxe4 Qf7 36. Qd2 Rb3 37. Re3 Be7 38. Qc2 Rxe3 
39. Rxe3 Bh4 40. Qd2 Qd5 41. Re2 Kg7 42. Nc3 Qc4 43. Ne4 Qd5 44. Nc5 Rf7 
45. Ne6+ Kg8 46. Nf4 Qd7 47. Qe3 Re7 48. Qc3 Rxe2 49. Nxe2 Kf7 50. Nf4 Qd6 
51. Nd3 Bf6 52. Ne5+ Kg7 53. Qe3 c5 54. g5 Be7 55. Qf4 Qe6 56. dxc5 Qf5 
57. Qxf5 gxf5 58. c6 bxc6 59. h4 c5 60. Kf1 Bd6 61. Nc4 Kg6 62. Ke2 Bh2 
63. b3 axb3 64. a4 Kh5 65. a5 c6 66. a6 Bb8 67. Kd2 Ba7 68. g6 hxg6 69. Kc3 Kxh4 
70. Kxb3 f4 71. f3 g5 72. Ne5 Bb6 73. Nc4 Ba7 74. Ne5 Kg3 75. Kc3 Kg2 
76. Kc4 Kg3 77. Kc3 c4 78. Kxc4 Bb6 79. Kb3 Be3 80. Ka4 g4 81. fxg4 f3 
82. Nxf3 Kxg4 83. Ne5+ Kf5 84. Nxc6 Kf6 85. Kb5 Ke6 1/2-1/2

[Event "Friday 20 April Rapid Engine Tour 12+1 Rounds 9 Starts 1600ST"]
[Site "Infinity Chess"]
[Date "2018.4.20"]
[Round "9"]
[White "angriff"]
[Black "MarioDeMonti"]
[Result "1/2-1/2"]
[ECO "C50"]
[WhiteElo "2378"]
[BlackElo "2479"]
[WhiteEngine "DracoREX 3.07 64BIT POPCNT_CTG"]
[BlackEngine "stockfish_x64_bmi2_2018_02_18_CTG"]
[EventType "Swiss"]
[WhiteTeam ""]
[BlackTeam ""]
[PlyCount "149"]
[TimeControl "720+1"]

1. e4 e5 2. Nf3 Nc6 3. Bc4 Bc5 4. O-O Nf6 5. d3 d6 6. c3 O-O 7. Bg5 h6 8. Bh4 a6 
9. a4 g5 10. Bg3 Bg4 11. h3 Bc8 12. d4 Ba7 13. Re1 exd4 14. Nxd4 Bd7 
15. Nxc6 Bxc6 16. Nd2 Nd7 17. Nf3 Re8 18. Bd5 Qf6 19. Bxc6 bxc6 20. a5 Nc5 
21. e5 Qg6 22. Nd4 Nd3 23. Re3 dxe5 24. Rxd3 exd4 25. cxd4 Rab8 26. b3 Rb5 
27. Bxc7 Re7 28. Bg3 Rd7 29. Ra4 Kh7 30. Rc4 Rxa5 31. Rdc3 Qf5 32. Qe1 Rad5 
33. Rxc6 Rxd4 34. Kh2 Re4 35. Qb1 Re5 36. Qc1 Re6 37. Rf3 Qg6 38. Rc7 Ree7 
39. Rxd7 Rxd7 40. Qc8 Re7 41. h4 Bd4 42. Qg4 gxh4 43. Qxd4 hxg3+ 44. fxg3 Qh5+ 
45. Kg1 Qg6 46. Qd5 Re1+ 47. Kh2 Kg8 48. Qd8+ Kh7 49. Qd4 Qh5+ 50. Qh4 Re5 
51. Kg1 Qxh4 52. gxh4 Kg6 53. Kf2 h5 54. Rc3 a5 55. g3 Rf5+ 56. Ke3 Rb5 
57. Kd4 Rb4+ 58. Kd3 Rb5 59. Kc4 Rb8 60. Rf3 Rb4+ 61. Kc5 f6 62. Kd6 a4 
63. bxa4 Rxa4 64. Ke6 Ra6+ 65. Ke7 Ra7+ 66. Kd6 f5 67. Ke6 Ra4 68. Ke7 f4 
69. gxf4 Kf5 70. Kd6 Ra1 71. Rf2 Rb1 72. Kc5 Ra1 73. Rg2 Kxf4 74. Kd6 Rb1 
75. Ke7 1/2-1/2

[Event "Friday 20 April Rapid Engine Tour 12+1 Rounds 9 Starts 1600ST"]
[Site "Infinity Chess"]
[Date "2018.4.20"]
[Round "9"]
[White "SkyPilot"]
[Black "hafaba"]
[Result "1/2-1/2"]
[ECO "C55"]
[WhiteElo "2480"]
[BlackElo "2447"]
[WhiteEngine "stockfish_x64_bmi2_2018_04_07_CTG"]
[BlackEngine "Eman 1.70-beta21 64-bit POPCNT_CTG"]
[EventType "Swiss"]
[WhiteTeam ""]
[BlackTeam ""]
[PlyCount "64"]
[TimeControl "720+1"]

1. e4 e5 2. Nf3 Nc6 3. Bc4 Nf6 4. d3 Bc5 5. c3 d6 6. O-O O-O 7. Bg5 a5 8. a4 h6 
9. Bh4 g5 10. Bg3 Kg7 11. Nbd2 Ba7 12. Nb3 Ne7 13. Re1 Nh5 14. d4 Nxg3 
15. hxg3 Ng6 16. Nh2 c6 17. Nf1 f5 18. exf5 Bxf5 19. Ne3 d5 20. Be2 e4 
21. Bg4 Ne7 22. Nc5 Bxc5 23. dxc5 Bxg4 24. Qxg4 b6 25. Qe6 Rf6 26. Qe5 Ng6 
27. Qd4 bxc5 28. Qxc5 Qe7 29. Qd4 Qe5 30. Qc5 Qe7 31. Qd4 Qe5 32. Qc5 Qe7 
1/2-1/2

[Event "Friday 20 April Rapid Engine Tour 12+1 Rounds 9 Starts 1600ST"]
[Site "Infinity Chess"]
[Date "2018.4.20"]
[Round "9"]
[White "star99"]
[Black "ocirema"]
[Result "1/2-1/2"]
[ECO "E20"]
[WhiteElo "2450"]
[BlackElo "2452"]
[WhiteEngine "Cryptic Heroes 9.4B"]
[BlackEngine "asmFishW_2018-04-15_popcnt_CTG"]
[EventType "Swiss"]
[WhiteTeam ""]
[BlackTeam ""]
[PlyCount "103"]
[TimeControl "720+1"]

1. d4 Nf6 2. c4 e6 3. Nc3 d5 4. Nf3 c6 5. Bg5 h6 6. Bh4 dxc4 7. Bxf6 Qxf6 
8. e3 b5 9. a4 Bb4 10. Ne5 Bb7 11. Be2 Qe7 12. Bf3 O-O 13. O-O a6 14. axb5 cxb5 
15. Nxb5 axb5 16. Rxa8 Bxa8 17. Bxa8 Bd6 18. Nf3 Qc7 19. Be4 Nd7 20. Qe2 g6 
21. g3 Rc8 22. Rc1 Qa5 23. h4 Kg7 24. h5 Nf6 25. Bc2 Nxh5 26. e4 c3 27. Bd3 b4 
28. e5 Be7 29. Qe3 Qa8 30. bxc3 Rxc3 31. Rxc3 bxc3 32. g4 Qa1+ 33. Kh2 Qb2 
34. gxh5 c2 35. Bxc2 Qxc2 36. hxg6 Qxg6 37. Qf4 Qh5+ 38. Kg3 Bd8 39. Qg4+ Qxg4+ 
40. Kxg4 Ba5 41. Kf4 Kg6 42. Ke4 Kh5 43. d5 exd5+ 44. Kxd5 Kg4 45. Nd4 h5 
46. Ke4 h4 47. f3+ Kh5 48. e6 fxe6 49. Nxe6 h3 50. Nf4+ Kh6 51. Nxh3 Kg6 52. Ke5 
1/2-1/2

[Event "Friday 20 April Rapid Engine Tour 12+1 Rounds 9 Starts 1600ST"]
[Site "Infinity Chess"]
[Date "2018.4.20"]
[Round "9"]
[White "Marsell"]
[Black "RonWeasley"]
[Result "1/2-1/2"]
[ECO "C11"]
[WhiteElo "2486"]
[BlackElo "2446"]
[WhiteEngine "BrainFish_180418_x64_bmi2"]
[BlackEngine "BrainFish 180418_CTG"]
[EventType "Swiss"]
[WhiteTeam ""]
[BlackTeam ""]
[PlyCount "120"]
[TimeControl "720+1"]

1. e4 e6 2. d4 d5 3. Nc3 Nf6 4. e5 Nfd7 5. f4 c5 6. Nf3 Nc6 7. Be3 cxd4 
8. Nxd4 Qb6 9. Qd2 Qxb2 10. Rb1 Qa3 11. Bb5 Nxd4 12. Bxd4 a6 13. Bxd7+ Bxd7 
14. Rb3 Qe7 15. Rxb7 Rc8 16. O-O Qd8 17. f5 exf5 18. Qd3 Bc5 19. Bxc5 Rxc5 
20. Nxd5 Bc8 21. Re7+ Kf8 22. Qa3 Qa5 23. Qxa5 Rxa5 24. Rc7 Be6 25. Nf4 Rxe5 
26. Nxe6+ Rxe6 27. Rxf5 Re7 28. Rc8+ Re8 29. Rc7 Re7 30. Rc8+ Re8 31. Rfc5 Ke7 
32. R8c6 g6 33. Kf2 Ra8 34. Rc7+ Kf6 35. Rc3 Kg7 36. Rf3 Rhf8 37. Kg3 Rae8 
38. h4 Re2 39. a4 Kh6 40. Rf6 Re3+ 41. Kf2 Re4 42. Rxa6 Rxh4 43. Raa7 Kg5 
44. a5 Rd8 45. Rxf7 Rd2+ 46. Kf3 Rxc2 47. Rxh7 Ra4 48. Kg3 Rg4+ 49. Kf3 Rgxg2 
50. Rac7 Rgf2+ 51. Ke4 Rf4+ 52. Kd3 Ra2 53. Rc5+ Kg4 54. Rg7 Ra3+ 55. Kc2 Rf2+ 
56. Kb1 Rfa2 57. Rxg6+ Kf4 58. a6 Ra1+ 59. Kb2 Rxa6 60. Rxa6 Rxa6 1/2-1/2

[Event "Friday 20 April Rapid Engine Tour 12+1 Rounds 9 Starts 1600ST"]
[Site "Infinity Chess"]
[Date "2018.4.20"]
[Round "9"]
[White "Harry_Potter"]
[Black "Time_bandit"]
[Result "1/2-1/2"]
[ECO "C55"]
[WhiteElo "2492"]
[BlackElo "2460"]
[WhiteEngine "Stockfish_x64_bmi2_CTG"]
[BlackEngine "asmFishW_2018-04-11_bmi2"]
[EventType "Swiss"]
[WhiteTeam ""]
[BlackTeam ""]
[PlyCount "117"]
[TimeControl "720+1"]

1. e4 e5 2. Nf3 Nc6 3. Bc4 Nf6 4. d3 Bc5 5. c3 d6 6. O-O a5 7. Bg5 Ba7 
8. Nbd2 h6 9. Bh4 Qe7 10. a3 g5 11. Bg3 Nd7 12. Bb5 h5 13. h3 g4 14. Nh4 gxh3 
15. gxh3 Nf6 16. Kg2 Bd7 17. Bxc6 bxc6 18. Ndf3 c5 19. b4 c4 20. Kh2 Ng4+ 
21. Kg2 Nh6 22. d4 Qe6 23. Ng5 Qf6 24. Ngf3 Rg8 25. dxe5 Qe6 26. Ng1 O-O-O 
27. Qxh5 Qxe5 28. Qxe5 dxe5 29. Rad1 f6 30. bxa5 Kb7 31. Kh2 Bc6 32. f4 Rxd1 
33. Rxd1 exf4 34. Bxf4 Nf7 35. Ne2 Bxe4 36. Ng3 Bd3 37. Nf3 Nd6 38. Re1 Ka6 
39. Re7 Nb5 40. Ne4 Kxa5 41. Nxf6 Rf8 42. Be5 Ka4 43. h4 Kxa3 44. Rxc7 Nxc7 
45. Bd6+ Kb3 46. Bxf8 Kxc3 47. Bd6 Nb5 48. Be5+ Kc2 49. h5 c3 50. Ne1+ Kd2 
51. h6 Kxe1 52. Bxc3+ Kd1 53. Be5 Kd2 54. Kg3 Be3 55. h7 Bxh7 56. Nxh7 Kd3 
57. Kf3 Na3 58. Kg4 Ke4 59. Bg7 1/2-1/2

[Event "Friday 20 April Rapid Engine Tour 12+1 Rounds 9 Starts 1600ST"]
[Site "Infinity Chess"]
[Date "2018.4.20"]
[Round "8"]
[White "RonWeasley"]
[Black "angriff"]
[Result "1/2-1/2"]
[ECO "E20"]
[WhiteElo "2449"]
[BlackElo "2375"]
[WhiteEngine "BrainFish 180418_CTG"]
[BlackEngine "DracoREX 3.07 64BIT POPCNT_CTG"]
[EventType "Swiss"]
[WhiteTeam ""]
[BlackTeam ""]
[PlyCount "85"]
[TimeControl "720+1"]

1. d4 Nf6 2. c4 e6 3. Nc3 d5 4. Nf3 c6 5. Bg5 h6 6. Bxf6 Qxf6 7. e3 Nd7 
8. Be2 g6 9. O-O Bg7 10. e4 dxe4 11. Nxe4 Qf4 12. Qc2 f5 13. Ned2 c5 14. g3 Qd6 
15. Nh4 Kf7 16. d5 e5 17. Rae1 h5 18. Kg2 Nf6 19. b4 b6 20. bxc5 bxc5 
21. Ndf3 Nh7 22. Bd3 Re8 23. Nxf5 gxf5 24. Bxf5 Bxf5 25. Qxf5+ Kg8 26. Qxh5 e4 
27. Nd2 Nf6 28. Qg5 Re5 29. Qg6 Rd8 30. f4 Re7 31. Re2 e3 32. Nf3 Ne4 
33. Qg4 Nf2 34. Qh4 Rde8 35. Qh5 Bd4 36. Nxd4 cxd4 37. c5 Qxc5 38. Qg6+ Kh8 
39. Qh5+ Kg7 40. Qg5+ Kh8 41. Qh5+ Kg7 42. Qg5+ Kh8 43. Qh5+ 1/2-1/2

[Event "Friday 20 April Rapid Engine Tour 12+1 Rounds 9 Starts 1600ST"]
[Site "Infinity Chess"]
[Date "2018.4.20"]
[Round "8"]
[White "star99"]
[Black "OlivierEvan"]
[Result "1/2-1/2"]
[ECO "D02"]
[WhiteElo "2453"]
[BlackElo "2373"]
[WhiteEngine "Cryptic Heroes 9.4B"]
[BlackEngine "Houdini 6"]
[EventType "Swiss"]
[WhiteTeam ""]
[BlackTeam ""]
[PlyCount "105"]
[TimeControl "720+1"]

1. d4 d5 2. Nf3 Nf6 3. c4 e6 4. e3 Be7 5. Be2 O-O 6. O-O b6 7. cxd5 exd5 
8. Nc3 Bb7 9. b3 Bd6 10. Bb2 a6 11. Rc1 Nbd7 12. g3 Qe7 13. Qc2 Rfe8 14. Rfd1 c6 
15. Nd2 Rac8 16. Bf3 Bb4 17. Bg2 a5 18. Na4 Qe6 19. Nf3 h6 20. Qd3 Rcd8 
21. Ne1 Bd6 22. Qc2 Rc8 23. Nd3 Ng4 24. Nc3 f5 25. Nf4 Bxf4 26. exf4 Ba6 
27. Qd2 Ngf6 28. Re1 Ne4 29. Qc2 Qf7 30. f3 Nxc3 31. Bxc3 Rxe1+ 32. Bxe1 Re8 
33. a4 h5 34. Bh3 g6 35. Bf1 Bxf1 36. Kxf1 Re6 37. b4 axb4 38. Bxb4 Qe8 
39. Qd2 h4 40. gxh4 Kf7 41. a5 bxa5 42. Bxa5 Qb8 43. Rc2 Nf6 44. Rb2 Qa7 
45. Bd8 Qa1+ 46. Kg2 Re1 47. Rb7+ Ke8 48. Bxf6 Rg1+ 49. Kf2 Rf1+ 50. Kg3 Rg1+ 
51. Kf2 Rf1+ 52. Kg3 Rg1+ 53. Kf2 1/2-1/2

[Event "Friday 20 April Rapid Engine Tour 12+1 Rounds 9 Starts 1600ST"]
[Site "Infinity Chess"]
[Date "2018.4.20"]
[Round "8"]
[White "hafaba"]
[Black "Seliga"]
[Result "1/2-1/2"]
[ECO "C50"]
[WhiteElo "2446"]
[BlackElo "2473"]
[WhiteEngine "Eman 1.70-beta21 64-bit POPCNT_CTG"]
[BlackEngine "AsmFish A13_CTG"]
[EventType "Swiss"]
[WhiteTeam ""]
[BlackTeam ""]
[PlyCount "119"]
[TimeControl "720+1"]

1. e4 e5 2. Nf3 Nc6 3. Bc4 Bc5 4. O-O Nf6 5. d3 a5 6. c3 d6 7. Re1 Ba7 
8. Nbd2 O-O 9. h3 Ne7 10. Bb3 Ng6 11. Nf1 c6 12. Ng3 d5 13. Qc2 dxe4 14. dxe4 h6 
15. Nf5 Qc7 16. Be3 Bxe3 17. Nxe3 Bd7 18. a4 Nf4 19. Rad1 Rad8 20. Bc4 b5 
21. Bf1 Rb8 22. Rc1 Rfc8 23. b4 Ng6 24. bxa5 Qxa5 25. Ra1 Qc7 26. Reb1 Rd8 
27. axb5 cxb5 28. Rb4 Bc6 29. Nf5 Rb7 30. Ng3 Rc8 31. Rab1 Rcb8 32. Ra1 Bd7 
33. Rab1 Kh7 34. Qc1 Kg8 35. Qd2 Bc6 36. Qe3 Bd7 37. Qe1 Qc6 38. Qd2 Qc7 
39. R1b2 Bc6 40. Qc1 Bd7 41. Rb1 Kh8 42. Qc2 Kg8 43. Nf5 Bxf5 44. exf5 Nf4 
45. Rxb5 Rxb5 46. Rxb5 Rxb5 47. Bxb5 Qc5 48. Qb2 e4 49. Nd4 N6d5 50. Bf1 Nxc3 
51. Qb8+ Kh7 52. Qxf4 Qxd4 53. Qc7 Nd1 54. Qxf7 Qxf2+ 55. Kh2 Qxf1 56. Qg6+ Kh8 
57. Qe8+ Kh7 58. Qg6+ Kh8 59. Qe8+ Kh7 60. Qg6+ 1/2-1/2

[Event "Friday 20 April Rapid Engine Tour 12+1 Rounds 9 Starts 1600ST"]
[Site "Infinity Chess"]
[Date "2018.4.20"]
[Round "8"]
[White "MarioDeMonti"]
[Black "Deep_Impact"]
[Result "1/2-1/2"]
[ECO "C53"]
[WhiteElo "2482"]
[BlackElo "2414"]
[WhiteEngine "stockfish_x64_bmi2_2018_02_18_CTG"]
[BlackEngine "BrainFish_180411_x64_bmi2"]
[EventType "Swiss"]
[WhiteTeam ""]
[BlackTeam ""]
[PlyCount "144"]
[TimeControl "720+1"]

1. e4 e5 2. Nf3 Nc6 3. Bc4 Bc5 4. c3 Nf6 5. d3 d6 6. O-O a5 7. Re1 Ba7 
8. Nbd2 O-O 9. Nf1 Be6 10. Bb5 Ne7 11. d4 exd4 12. Nxd4 Ng6 13. Ba4 h6 
14. Be3 Bc8 15. Bc2 Ng4 16. Nb5 Bb8 17. Bd2 Bd7 18. Nd4 Ba7 19. Ne3 Nf6 
20. Nef5 a4 21. b3 axb3 22. axb3 Bb6 23. h3 Rxa1 24. Qxa1 Qa8 25. Qb2 Qd8 
26. c4 Nh5 27. Bd1 Nf6 28. Qc3 Re8 29. Bc2 Ne5 30. Rd1 Nh5 31. b4 c5 
32. bxc5 Bxc5 33. Nb3 Qc8 34. Nxc5 Qxc5 35. Bb3 Nf6 36. Ng3 Qc6 37. Qc2 Rc8 
38. c5 Qa6 39. Be3 dxc5 40. Qc3 c4 41. Bc2 Nd3 42. Bxd3 cxd3 43. Qxd3 Qxd3 
44. Rxd3 Be6 45. Rd6 Nd7 46. Nf5 Bxf5 47. exf5 Ne5 48. Rd5 Nc4 49. Bf4 Na3 
50. Kf1 b5 51. Bd2 Rb8 52. Rd3 Nc4 53. Bb4 Ne5 54. Rd5 f6 55. Ke2 Nc6 
56. Bd6 Rd8 57. Rd2 b4 58. g4 h5 59. Bg3 Ra8 60. Rd6 Ra2+ 61. Kd3 Ra3+ 
62. Kd2 Ne5 63. Bxe5 fxe5 64. gxh5 Rf3 65. Rb6 Rxf2+ 66. Ke3 Rxf5 67. Rxb4 Rxh5 
68. Kf3 e4+ 69. Ke2 Rxh3 70. Rxe4 Kf7 71. Ra4 Kf6 72. Kf2 Rb3 1/2-1/2

[Event "Friday 20 April Rapid Engine Tour 12+1 Rounds 9 Starts 1600ST"]
[Site "Infinity Chess"]
[Date "2018.4.20"]
[Round "8"]
[White "ocirema"]
[Black "SkyPilot"]
[Result "1/2-1/2"]
[ECO "C24"]
[WhiteElo "2451"]
[BlackElo "2481"]
[WhiteEngine "asmFishW_2018-04-15_popcnt_CTG"]
[BlackEngine "stockfish_x64_bmi2_2018_04_07_CTG"]
[EventType "Swiss"]
[WhiteTeam ""]
[BlackTeam ""]
[PlyCount "137"]
[TimeControl "720+1"]

1. e4 e5 2. Bc4 Nf6 3. d3 Nc6 4. Nf3 Bc5 5. c3 d6 6. O-O O-O 7. Nbd2 a5 
8. Re1 Ba7 9. h3 Be6 10. Bb5 Ne7 11. d4 Ng6 12. Ba4 Nh5 13. Nf1 Nhf4 
14. Ng3 exd4 15. Nxd4 Bxd4 16. cxd4 d5 17. Qf3 Qh4 18. Bc2 c6 19. Bxf4 Qxf4 
20. Qxf4 Nxf4 21. e5 Ra6 22. Ne2 Nxe2+ 23. Rxe2 g6 24. a3 Rc8 25. Bd3 Rb6 
26. Rc1 h5 27. h4 Rb3 28. Rd2 Bf5 29. Be2 f6 30. exf6 Kf7 31. f3 Bd7 32. Kf2 Re8 
33. Rc5 b6 34. Rc3 Rxc3 35. bxc3 Kxf6 36. g3 b5 37. Rd1 Rh8 38. Re1 Rb8 
39. Rb1 Ke7 40. g4 Kf7 41. Ke3 Re8+ 42. Kd2 Rh8 43. Rh1 Rg8 44. Bd1 Rh8 
45. Kd3 Rb8 46. Rg1 Rh8 47. Rh1 Rb8 48. Kd2 b4 49. cxb4 axb4 50. a4 b3 
51. Kc3 c5 52. dxc5 Bxa4 53. gxh5 gxh5 54. Kb2 Rb5 55. f4 Rxc5 56. Bxh5+ Kg7 
57. Rg1+ Kf6 58. Bd1 d4 59. h5 Rc7 60. Rg5 d3 61. Rd5 Rc4 62. Rxd3 Rxf4 
63. h6 Rf2+ 64. Kc1 b2+ 65. Kb1 Bxd1 66. Rxd1 Kg6 67. Rd6+ Kh7 68. Rd7+ Kxh6 
69. Rd1 1/2-1/2

[Event "Friday 20 April Rapid Engine Tour 12+1 Rounds 9 Starts 1600ST"]
[Site "Infinity Chess"]
[Date "2018.4.20"]
[Round "8"]
[White "Time_bandit"]
[Black "Marsell"]
[Result "1/2-1/2"]
[ECO "C77"]
[WhiteElo "2459"]
[BlackElo "2487"]
[WhiteEngine "asmFishW_2018-04-11_bmi2"]
[BlackEngine "BrainFish_180418_x64_bmi2"]
[EventType "Swiss"]
[WhiteTeam ""]
[BlackTeam ""]
[PlyCount "116"]
[TimeControl "720+1"]

1. e4 e5 2. Nf3 Nc6 3. Bb5 a6 4. Ba4 Nf6 5. O-O Be7 6. Re1 b5 7. Bb3 O-O 
8. c3 d5 9. exd5 Nxd5 10. Nxe5 Nxe5 11. Rxe5 c6 12. d4 Bd6 13. Re1 Qh4 
14. g3 Qh3 15. Be3 Bg4 16. Qd3 Rae8 17. Nd2 Re6 18. a4 Qh5 19. axb5 axb5 
20. Nf1 Bf5 21. Qd2 Bh3 22. Bd1 Qg6 23. Bf3 Qf5 24. Qd1 h5 25. Ra6 Bc7 
26. Bh1 Rf6 27. Qe2 h4 28. Bd2 Re6 29. Be4 Bxf1 30. Bxf5 Rxe2 31. Rd1 Rxd2 
32. Rxd2 Bc4 33. Rxc6 Ne7 34. Rxc7 Nxf5 35. Rc5 Nd6 36. f3 hxg3 37. hxg3 Ra8 
38. Rh2 Ra1+ 39. Kg2 Rb1 40. Kh3 f6 41. g4 Nf7 42. Kg3 Ng5 43. Rc8+ Kf7 
44. Rc7+ Kg8 45. f4 Rg1+ 46. Rg2 Ne4+ 47. Kf3 Re1 48. Rh2 Nd6 49. f5 Bd5+ 
50. Kg3 Rg1+ 51. Kf4 Rf1+ 52. Ke3 Rb1 53. Re2 Bc4 54. Rh2 Rd1 55. Kf4 Rf1+ 
56. Ke3 Rd1 57. Kf3 Rf1+ 58. Ke3 Rd1 1/2-1/2

[Event "Friday 20 April Rapid Engine Tour 12+1 Rounds 9 Starts 1600ST"]
[Site "Infinity Chess"]
[Date "2018.4.20"]
[Round "8"]
[White "CrapCleaner"]
[Black "Harry_Potter"]
[Result "1/2-1/2"]
[ECO "C50"]
[WhiteElo "2463"]
[BlackElo "2493"]
[WhiteEngine "komodo-11.3.1-64bit-BMI2_CTG"]
[BlackEngine "Stockfish_x64_bmi2_CTG"]
[EventType "Swiss"]
[WhiteTeam ""]
[BlackTeam ""]
[PlyCount "127"]
[TimeControl "720+1"]

1. e4 e5 2. Nf3 Nc6 3. Bc4 Bc5 4. O-O Nf6 5. d3 d6 6. c3 O-O 7. Bg5 h6 8. Bh4 g5 
9. Bg3 a5 10. a4 Kg7 11. Na3 Ne7 12. Nc2 Bb6 13. Ne3 Ng6 14. Bb3 Bxe3 
15. fxe3 Nh5 16. Be1 g4 17. Nd2 Nf6 18. Bc2 h5 19. b4 Nh7 20. Nb3 axb4 
21. cxb4 h4 22. Rf5 Nf6 23. Rf1 Nh7 24. Rf5 Nf6 25. d4 h3 26. gxh3 gxh3 
27. Kh1 Bxf5 28. exf5 Qd7 29. fxg6 fxg6 30. Qe2 Qg4 31. Bd3 e4 32. Bc4 Qxe2 
33. Bxe2 Nd5 34. a5 Nxe3 35. Rc1 c6 36. Rc3 Ng2 37. Bg3 g5 38. Kg1 Nf4 
39. Bg4 Rae8 40. Re3 Ng2 41. Rc3 Nf4 42. Re3 Kh6 43. Nd2 d5 44. Nb3 Ng2 
45. Re2 Nf4 46. Re3 Ng2 47. Re2 Rf7 48. Nc5 Ref8 49. Bxh3 Nf4 50. Bxf4 gxf4 
51. Bg4 f3 52. Re3 Kg5 53. h3 Re8 54. Kf2 Ree7 55. Be6 Rxe6 56. Nxe6+ Kf5 
57. Nc5 Rg7 58. Re1 Rg2+ 59. Ke3 Ra2 60. h4 Ra3+ 61. Kf2 Ra2+ 62. Ke3 Ra3+ 
63. Kf2 Ra2+ 64. Ke3 1/2-1/2